 Dungeon Crawl Stone Soup version 0.17-a0-2220-g6fea741 (webtiles) character file.

110453 ventricule the Brawler (level 16, -3/156 HPs)
             Began as a Troll Enchanter on Oct 28, 2015.
             Slain by a dire flail of holy wrath (18 damage)
             ... on level 2 of the Elven Halls.
             The game lasted 03:03:43 (35757 turns).

ventricule the Brawler (Troll Enchanter)           Turns: 35757, Time: 03:03:49

Health: -3/156     AC: 22    Str: 22    XL:     16   Next: 7%
Magic:  0/25       EV: 15    Int: 11    God:    Xom [*.....]
Gold:   1721       SH:  0    Dex: 14    Spells: 5 memorised, 5 levels left

rFire  + + .     SeeInvis .     v - +9 rod of shadows (7/12) {!a}
rCold  . . .     Clarity  .     J - +2 robe {rF+}
rNeg   . . .     SustAt   .     (no shield)
rPois  .         Gourm    +     P - +0 hat
rElec  .         Spirit   +     q - +2 cloak {+Inv}
rCorr  .         Warding  .     (gloves unavailable)
rMut   .         Rnd*Tele +     (boots unavailable)
MR     +....                    H - amulet of guardian spirit
Stlth  ++........               V - ring of teleportation
                                C - +4 ring of protection

@: about to teleport, very slightly contaminated, hasted, very quick, somewhat
resistant to hostile enchantments, unstealthy
A: unfitting armour, antennae 2, beak, claws 3, rough black scales 1, thin
metallic scales 1, yellow scales 1, blink, fire resistance 1, fast metabolism 3,
gourmand, high mp 1, regeneration 2, shaggy fur 1, strong 1, teleportitis 1,
tough skin 2
a: Blink, Renounce Religion, Evoke Invisibility, Evoke Teleportation


You were on level 2 of the Elven Halls.
You worshipped Xom.
You were a special plaything of Xom.
You were very full.

You visited 5 branches of the dungeon, and saw 30 of its levels.
You visited the Abyss 1 time.
You also visited: Labyrinth.

You collected 3698 gold pieces.
You spent 1977 gold pieces at shops.


Innate Abilities, Weirdness & Mutations

You are too large for most types of armour.
You have claws for hands.
Your metabolism is lightning-fast.
You like to eat raw meat.
You heal very quickly.
You are covered in fur (AC +1).
You have very tough skin (AC +2).
You have a pair of antennae on your head.
You have a beak for a mouth.
You are partially covered in rough black scales (AC +4, Dex -1).
You are partially covered in thin metallic scales (AC +2).
You are partially covered in yellow scales (AC +2).
You can translocate small distances at will.
Your flesh is heat resistant.
You have an increased reservoir of magic (+10% MP).
Your muscles are strong. (Str +2)
You are occasionally teleported to nearby monsters.


   Skills:
 - Level 9.0 Fighting
   Level 0.7 Short Blades
 + Level 9.2 Throwing
 - Level 9.7 Dodging
 - Level 1.7 Stealth
 + Level 17.5 Unarmed Combat
 - Level 1.2 Spellcasting
 - Level 2.0 Hexes
 + Level 10.8 Evocations


You had 5 spell levels left.
You knew the following spells:

 Your Spells              Type           Power        Failure   Level  Hunger
d - Repel Missiles        Chrm/Air       #.....       56%         2    ###....
y - Tukima's Dance        Hex            #.......     47%         3    ####...
z - Confuse               Hex            #.......     47%         3    ####...
X - Static Discharge      Conj/Air       #.......     90%         3    ####...
Z - Corona                Hex            #......      17%         1    ##.....

Inventory:

Missiles
 b - 11 large rocks (quivered) {=f}
 c - 2 throwing nets {=f}
 L - 9 javelins
Armour
 q - a +2 cloak of invisibility (worn)
 J - a +2 robe of fire resistance (worn)
 P - a +0 hat (worn)
Rods
 m - a +4 rod of ignition (10/10) {!a}
   (Xom gifted it to you on level 13 of the Dungeon)
 v - a +9 rod of shadows (7/12) (weapon) {!a}
   (You found it in a labyrinth)
 y - a +4 rod of the swarm (10/10) {!a}
   (You found it in a labyrinth)
Jewellery
 g - the ring "Sisam" {-Tele rElec rF++ Dex+4 Slay-2}
   (You found it in a labyrinth)

   [ring of slaying]

   It affects your dexterity (+4).
   It affects your accuracy and damage with ranged weapons and melee attacks
   (-2).
   It greatly protects you from fire.
   It insulates you from electricity.
   It prevents most forms of teleportation.
 p - an amulet of warding
 r - an amulet of resist corrosion
 w - the ring of Senoc {rF+ Int+2}
   (You found it on level 2 of the Lair of Beasts)

   [ring of intelligence]

   It affects your intelligence (+2).
   It protects you from fire.
 C - a +4 ring of protection (left claw)
 F - a ring of poison resistance
 G - a ring of ice
 H - an amulet of guardian spirit (around neck)
 K - a +2 ring of evasion
 U - a ring of positive energy
 V - a ring of teleportation (right claw)
Wands
 o - a wand of fire (9)
 N - a wand of digging (8)
 T - a wand of disintegration (13)
 W - a wand of draining (7)
Scrolls
 h - a scroll of recharging
 j - a scroll of fear
 k - 5 scrolls of identify {@r1}
 l - 3 scrolls of magic mapping
 n - 13 scrolls of remove curse
 t - 8 scrolls of enchant armour
 u - 4 scrolls of blinking
 B - a scroll of summoning
 E - 3 scrolls of fog
 R - a scroll of teleportation {@r4}
 X - a scroll of immolation {!r}
Potions
 e - a potion of flight
 i - 8 potions of curing {@q1}
 s - 6 potions of might
 z - a potion of heal wounds {@q2}
 A - 3 potions of agility
 I - 3 potions of brilliance
 M - a potion of cancellation
 O - 3 potions of berserk rage {!q}
 Q - 3 potions of haste {@q3}
 S - a potion of resistance
 Z - a potion of invisibility
Miscellaneous
 D - a disc of storms
Comestibles
 a - 15 royal jellies
 d - 18 bread rations
 f - 17 meat rations
 x - 6 beef jerkies
 Y - 3 chunks of flesh

Dungeon Overview and Level Annotations

Branches:
Dungeon (15/15)            Temple (1/1) D:4            Lair (8/8) D:10
  Swamp (0/4) Lair:6       Spider (0/4) Lair:4        Slime (0/6) Lair:8
    Orc (4/4) D:11            Elf (2/3) Orc:4        Vaults (0/5) D:13
 Depths (0/5) D:15

Altars:
Ashenzari
Cheibriados
Dithmenos
Elyvilon
Fedhas
Gozag
Kikubaaqudgha
Makhleb
Nemelex Xobeh
Okawaru
Qazlal
Ru
Sif Muna
Trog
Vehumet
Xom
Yredelemnul
Zin
The Shining One
Beogh

Shops:
D:6 %   D:14 %   Orc:2 }   Orc:4 ?:!=   Elf:1 !

Annotations:
D:4 troll ghost

##.(.......###...
##.........#*#...
##...........#....
#..e.e............
##....e........,,,
##...........,,,,
##e#.#......,,,,,
##7#####....,,,,,, #T#.##
*#..,,,,,,, ##7e.#**,..,,,,,,,
##e..#,,,,,,,,,,, ******
*#.e....,,,,,,,,, ***,,,,****
**........,,,,,,,, **,,,,*,,,,*
*,.e..7....,,,,,,, **,,,,***,,,*
**.........,,,,,,,
*,,,,,,*,,,****..........,,,,,,,
**,,,*,,,,,,*,**+,,,,,,,,,,,,,,,,


You could see a deep elf blademaster, a deep elf knight, a deep elf conjurer
(fleeing), a deep elf priest, a deep elf fighter (fleeing), a deep elf mage and
3 dancing weapons.


Message History

The deep elf knight gestures at you while chanting.
The stone arrow hits your mottled dragon.
Your mottled dragon dies!
Wield which item (- for none, * to show all)? (? for menu, Esc to quit)
Okay, then.
Read which item? (? for menu, Esc to quit)
As you read the scroll of fear, it crumbles to dust.
You assume a fearsome visage.
The mace of holy wrath is unaffected.
The dire flail of holy wrath is unaffected.
The deep elf fighter looks frightened!
The deep elf priest resists with almost no effort.
The deep elf knight looks frightened!
The hand axe of chopping is unaffected.
The deep elf conjurer looks frightened!
The deep elf blademaster resists with some effort.
The deep elf mage resists with almost no effort.
You hear Xom's maniacal laughter.
You are caught in an explosion of electrical discharges!
The explosion engulfs you!
* * * LOW HITPOINT WARNING * * *
The explosion engulfs the dire flail of holy wrath.
The dire flail of holy wrath completely resists.
The explosion engulfs the mace of holy wrath.
The mace of holy wrath completely resists.
The explosion engulfs the deep elf knight.
The attack snaps the deep elf knight out of its fear.
The deep elf knight shouts!
The explosion engulfs the deep elf priest.
The dire flail of holy wrath hits you!!
You die...
Xom howls with laughter!

Action                   |  1- 3 |  4- 6 |  7- 9 | 10-12 | 13-15 | 16-18 || total
-------------------------+-------+-------+-------+-------+-------+-------++-------
Melee: Unarmed           |   129 |   156 |   312 |   973 |  1965 |    53 ||  3588
Throw: Javelin           |       |     2 |     6 |    10 |       |       ||    18
       Tomahawk          |       |       |     3 |       |       |       ||     3
       Throwing net      |       |       |       |     1 |       |       ||     1
       Large rock        |       |       |       |       |     2 |       ||     2
 Cast: Corona            |       |     2 |     2 |       |       |       ||     4
       Repel Missiles    |       |       |       |     1 |    19 |     2 ||    22
 Abil: Evoke Invisibilit |       |       |       |       |    12 |       ||    12
       Blink             |       |       |       |       |     5 |     2 ||     7
       Evoke Teleportati |       |       |       |       |    18 |     4 ||    22
Evoke: Wand              |       |       |       |     3 |     1 |       ||     4
       Rod               |       |       |       |    11 |    74 |     1 ||    86
  Use: Scroll            |       |    10 |     1 |    25 |     6 |     6 ||    48
       Potion            |       |     1 |       |     5 |     8 |     3 ||    17
 Stab: Sleeping          |     2 |     3 |     1 |     2 |     6 |     1 ||    15
       Confused          |       |       |     3 |     6 |     3 |       ||    12
       Distracted        |       |       |     1 |       |     4 |       ||     5
       Invisible         |       |       |     5 |       |    21 |       ||    26
       Paralysed         |       |       |       |       |     2 |       ||     2
  Eat: Chunk             |    15 |     9 |    31 |   101 |   200 |     8 ||   364
       Royal jelly       |       |       |       |     1 |     9 |       ||    10
       Meat ration       |       |       |       |     1 |       |       ||     1
       Fruit             |       |       |       |       |     5 |       ||     5

Vault maps used:
D:1:      minmay_arrival_four_circles
D:2:      kennysheep_doodads
D:3:      first_bread
D:4:      cheibriados_altar_1, nemelex_xobeh_ov_fountains_minmay,
          minmay_temple_entry_enclosed_plants, serial_bayou_lagoon_b
D:5:      kennysheep_mini_moat, uniq_eustachio, uniq_prince_ribbit1,
          uniq_grinder
D:6:      lemuel_doored_altar, serial_shops, nicolae_shop_waterfront
D:7:      grunt_dithmenos_smoke_and_mirrors, okawaru_gym_becter
D:9:      lemuel_coloured_pillars_altar
D:10:     dpeg_lair_monsters, grunt_livestock, uniq_sonja
D:11:     orc_0_dummy, basic_altar, kb_lookout_dungeons_type, stair_cage_line,
          minmay_misc_feat_doors
D:12:     lemuel_ogre_cave, serial_bayou_pond_b, uniq_nergalle
D:13:     grunt_vaults_entry_fortified, uniq_erolcha
D:14:     serial_shops, nicolae_shop_scaring_up_business, kennysheep_crisscross,
          uniq_maud, uniq_snorg
D:15:     grunt_enter_depths_magical_seal, minmay_misc_feat_diagonals,
          water_boxes_lemuel, uniq_rupert, uniq_louise
Temple:   minmay_freezing_vapour_temple_12
Lair:2:   serial_bayou_crossing
Lair:3:   lab_entry_generic, worms_lemuel, serial_bayou_shore_a,
          lemuel_fruit_fields
Lair:4:   spider_nest_entry_funnel_web, lemuel_fruit_tree
Lair:5:   minivault_24, infiniplex_staircase_pool
Lair:6:   nicolae_swamp_entry_splash_gauntlet
Lair:7:   uniq_kirke, uniq_josephine
Lair:8:   wormcave, nicolae_slime_entry_slimehenge, small_statue_intersection,
          grunt_forest_stairs_basic, nicolae_quartered_pool_little,
          zaba_antful_of_joy
Orc:1:    basic_altar, uniq_maurice, uniq_erica
Orc:2:    nicolae_for_you_no_charge, uniq_fannar
Orc:3:    nicolae_orc_pool_cavern
Orc:4:    st_orc_rangers, nicolae_orc_flooded_monolith
Elf:1:    serial_shops, shop, hangedman_corner_corridor
Elf:2:    serial_shops, shop
Lab:      labyrinth_hidden_loot, nicolae_lab_do_over, nicolae_lab_statue,
          nicolae_lab_diamond, nicolae_lab_swirl, nicolae_lab_dead_end,
          nicolae_lab_plus, nicolae_lab_very_dead_end

Notes
Turn   | Place    | Note
--------------------------------------------------------------
     0 | D:1      | ventricule the Troll Enchanter began the quest for the Orb.
     0 | D:1      | Reached XP level 1. HP: 16/16 MP: 1/1
   136 | D:1      | Reached skill level 1 in Unarmed Combat
   155 | D:1      | Reached XP level 2. HP: 22/24 MP: 2/2
   271 | D:1      | Reached skill level 2 in Unarmed Combat
   654 | D:2      | Reached XP level 3. HP: 31/31 MP: 3/3
   791 | D:2      | Reached skill level 3 in Unarmed Combat
   997 | D:2      | Reached XP level 4. HP: 39/39 MP: 4/4
  1525 | D:3      | Reached skill level 4 in Unarmed Combat
  1784 | D:3      | Noticed teron's ghost (amateur MfTm)
  1817 | D:3      | Killed teron's ghost
  1817 | D:3      | Reached skill level 6 in Unarmed Combat
  1817 | D:3      | Reached XP level 5. HP: 20/45 MP: 2/5
  1817 | D:3      | Reached XP level 6. HP: 23/53 MP: 2/6
  2120 | D:4      | Found a sparkling altar of Nemelex Xobeh.
  2285 | D:4      | Found a snail-covered altar of Cheibriados.
  2384 | D:4      | Noticed kosy22's ghost (novice TrFi)
  2441 | D:4      | Found a staircase to the Ecumenical Temple.
  2447 | Temple   | Entered the Ecumenical Temple
  2451 | Temple   | Became a worshipper of Xom of Chaos
  2653 | D:4      | Reached skill level 7 in Unarmed Combat
  2686 | D:5      | Entered Level 5 of the Dungeon
  2693 | D:5      | Noticed Grinder
  2782 | D:5      | Noticed Prince Ribbit
  2793 | D:5      | Killed Prince Ribbit
  2793 | D:5      | Reached XP level 7. HP: 37/59 MP: 7/7
  2806 | D:5      | XOM: mild Trmt miscast
  2874 | D:5      | XOM: enchant monster (bad)
  2875 | D:5      | Reached skill level 8 in Unarmed Combat
  3001 | D:5      | Reached skill level 2 in Dodging
  3050 | D:5      | XOM: silly message
  3077 | D:5      | Reached skill level 1 in Fighting
  3138 | D:5      | XOM: cast spell 'Dispersal'
  3150 | D:5      | Found a sacrificial altar of Ru.
  3151 | D:5      | XOM: cast spell 'Cause Fear'
  3154 | D:5      | Noticed Eustachio
  3158 | D:5      | XOM: confuse monster(s)
  3172 | D:5      | XOM: enchant monster (good)
  3173 | D:5      | XOM: confuse monster(s)
  3191 | D:5      | Killed Eustachio
  3191 | D:5      | Reached skill level 2 in Fighting
  3191 | D:5      | Reached XP level 8. HP: 39/72 MP: 8/8
  3199 | D:5      | XOM: enchant monster (good)
  3235 | D:5      | Reached skill level 3 in Dodging
  3452 | D:6      | XOM: harmless Conj miscast
  3910 | D:6      | XOM: harmless Air miscast
  3917 | D:6      | Reached skill level 3 in Fighting
  3919 | D:6      | XOM: harmless Chrm miscast
  3927 | D:6      | XOM: potion effect (agility)
  3965 | D:6      | Reached skill level 9 in Unarmed Combat
  4022 | D:6      | Found a white marble altar of Elyvilon.
  4033 | D:6      | Noticed Gruud's ghost (novice DsTm)
  4076 | D:6      | Killed Gruud's ghost
  4076 | D:6      | Reached skill level 4 in Fighting
  4076 | D:6      | Reached skill level 4 in Dodging
  4076 | D:6      | Reached XP level 9. HP: 37/84 MP: 9/9
  4163 | D:6      | Found Ecweor's Food Emporium.
  4189 | D:6      | XOM: potion effect (brilliance)
  4190 | D:6      | XOM: potion effect (brilliance)
  4200 | D:6      | XOM: cast spell 'Summon Ice Beast'
  4224 | D:6      | Learned a level 3 spell: Confuse
  4228 | D:6      | Learned a level 3 spell: Tukima's Dance
  4232 | D:6      | Learned a level 3 spell: Static Discharge
  4309 | D:6      | XOM: harmless Conj miscast
  4370 | D:6      | XOM: harmless Ice miscast
  4463 | D:6      | Reached skill level 5 in Dodging
  4608 | D:5      | Paralysed by Grinder for 5 turns
  4612 | D:5      | XOM: enchant monster (good)
  4622 | D:5      | Killed Grinder
  4622 | D:5      | Reached skill level 10 in Unarmed Combat
  4679 | D:4      | XOM: enchant monster (bad)
  4734 | D:4      | XOM: give mutation
  4734 | D:4      | Gained mutation: You have a beak for a mouth. [Xom's grace]
  4858 | D:4      | XOM: god gift: 8 needles of slowing
  4997 | D:4      | XOM: summons 6 friendly demons
  5003 | D:4      | Killed kosy22's ghost
  5003 | D:4      | Reached skill level 5 in Fighting
  5067 | D:6      | XOM: god gift: paperback book {god gift}
  5133 | D:6      | XOM is BORED!
  5133 | D:6      | XOM: stat loss: -1 Str (17/18)
  5222 | D:7      | XOM: potion effect (invisibility)
  5224 | D:7      | XOM: 1-stop teleportation journey
  5231 | D:7      | XOM: fog
  5263 | D:7      | XOM: enchant monster (good)
  5285 | D:7      | XOM: god gift: leatherbound book {god gift}
  5324 | D:7      | Found an iron altar of Okawaru.
  5340 | D:7      | Reached XP level 10. HP: 83/98 MP: 10/10
  5351 | D:7      | Gained mutation: Your mind is acute. (Int +2) [mutagenic meat]
  5462 | D:7      | XOM: 6-stop teleportation journey
  5625 | D:7      | Reached skill level 6 in Dodging
  5718 | D:7      | Found a shadowy altar of Dithmenos.
  5726 | D:7      | XOM: god gift: 13 silver bolts
  6183 | D:8      | Reached skill level 6 in Fighting
  6392 | D:8      | XOM: vitrification
  6559 | D:9      | XOM: stealth player
  6754 | D:9      | XOM: 2-stop teleportation journey
  6883 | D:9      | XOM: summons 3 friendly demons
  6913 | D:9      | Gained mutation: You are occasionally teleported to nearby monsters. [mutagenic meat]
  6915 | D:9      | Gained mutation: You are agile. (Dex +2) [mutagenic meat]
  6916 | D:9      | Gained mutation: You are weak. (Str -2) [mutagenic meat]
  6917 | D:9      | Gained mutation: Your body sometimes deteriorates upon taking damage. [mutagenic meat]
  6937 | D:9      | XOM: summons 2 friendly demons
  7365 | D:9      | Gained mutation: You are partially covered in rough black scales (AC +4, Dex -1). [mutagenic meat]
  7366 | D:9      | Lost mutation: Your mind is acute. (Int +2) [mutagenic meat]
  7367 | D:9      | Lost mutation: You are agile. (Dex +2) [mutagenic meat]
  7368 | D:9      | Gained mutation: You have large cloven feet. [mutagenic meat]
  7369 | D:9      | Gained mutation: You can spit weak poison. [mutagenic meat]
  7370 | D:9      | Gained mutation: You can translocate small distances at will. [mutagenic meat]
  7421 | D:9      | Found a blossoming altar of Fedhas.
  7530 | D:10     | Entered Level 10 of the Dungeon
  7542 | D:9      | Reached skill level 11 in Unarmed Combat
  7545 | D:9      | XOM: summons friendly crimson imp
  7582 | D:9      | XOM: polymorph crimson imp -> quasit
  7642 | D:10     | XOM: divination: magic mapping
  7663 | D:10     | XOM: summons friendly white imp
  7678 | D:10     | Reached skill level 7 in Dodging
  7704 | D:10     | Found a staircase to the Lair.
  7825 | D:10     | Noticed Sonja
  7827 | D:10     | Noticed Sonja
  7827 | D:10     | Sonja changed into Sonja the yak
  7827 | D:10     | XOM: enchant monster (good)
  7942 | D:10     | XOM: destruction
  7945 | D:10     | XOM: noise
  7950 | D:10     | Reached skill level 1 in Throwing
  7988 | D:10     | Reached skill level 7 in Fighting
  8055 | D:10     | XOM: mild Erth miscast
  8172 | D:10     | Reached skill level 2 in Throwing
  8172 | D:10     | Reached XP level 11. HP: 105/109 MP: 11/11
  8218 | D:10     | XOM: colour smoke trail
  8270 | D:10     | Noticed a manticore
  8279 | D:10     | Killed a manticore
  8392 | D:10     | XOM: noise
  8411 | D:10     | XOM: blink monster(s)
  8436 | D:10     | XOM: enchant monster (bad)
  8446 | D:10     | XOM: silly message
  8521 | D:10     | XOM: mild Fire miscast
  8713 | D:10     | Killed Sonja the yak
  8743 | D:11     | Found a glowing golden altar of the Shining One.
  8743 | D:11     | XOM: 2-stop teleportation journey
  8744 | D:11     | Noticed kguciosek's ghost (novice MiFi)
  8752 | D:11     | XOM: 3-stop teleportation journey
  8806 | D:11     | XOM: stat loss: -1 Dex (16/17)
  8810 | D:11     | XOM: smoke on damage
  8957 | Lair:1   | Entered Level 1 of the Lair of Beasts
  8990 | Lair:1   | XOM: god gift: whip {god gift}
  9012 | Lair:1   | XOM: 1-stop teleportation journey
  9039 | Lair:1   | XOM: enchant monster (good)
  9045 | Lair:1   | XOM: polymorph blink frog -> naga
  9052 | Lair:1   | XOM: divination: detect items
  9171 | Lair:1   | XOM: divination: magic mapping
  9207 | Lair:1   | Reached skill level 3 in Throwing
  9346 | Lair:1   | XOM: summons friendly iron imp
  9371 | Lair:1   | XOM: confuse monster(s)
  9600 | Lair:1   | Reached skill level 8 in Dodging
  9672 | Lair:1   | Reached skill level 12 in Unarmed Combat
  9748 | Lair:1   | XOM: divination: detect creatures
  9991 | Lair:1   | Reached skill level 4 in Throwing
 10052 | Lair:1   | XOM: summons 5 hostile demons
 10199 | Lair:1   | XOM: destruction
 10210 | Lair:1   | XOM: fog
 10221 | Lair:1   | XOM: summons friendly iron imp
 10222 | Lair:1   | XOM: god gift: scroll of amnesia
 10231 | Lair:1   | XOM: polymorph blink frog -> spider
 10247 | Lair:1   | XOM: vitrification
 10347 | Lair:1   | XOM: vitrification
 10389 | Lair:1   | XOM: potion effect (brilliance)
 10514 | Lair:2   | XOM: summons friendly ufetubus
 10562 | Lair:2   | XOM: cast spell 'Cause Fear'
 10571 | Lair:2   | XOM: confuse monster(s)
 10599 | Lair:2   | XOM: divination: magic mapping
 10613 | Lair:2   | Reached skill level 5 in Throwing
 10744 | Lair:1   | XOM: vitrification
 10857 | Lair:2   | XOM: enchant monster (good)
 10893 | Lair:2   | XOM: divination: detect items
 11006 | Lair:2   | Got a steaming ivory ring
 11008 | Lair:2   | Identified the ring of Senoc {rF+ Int+2} (You found it on level 2 of the Lair of Beasts)
 11125 | Lair:2   | XOM: destruction
 11129 | Lair:2   | XOM: confuse monster(s)
 11134 | Lair:2   | XOM: fake destruction
 11148 | Lair:2   | XOM: enchant monster (good)
 11150 | Lair:2   | XOM: destruction
 11170 | Lair:2   | Reached skill level 1 in Evocations
 11261 | Lair:2   | XOM: confuse monster(s)
 11553 | Lair:3   | Found a labyrinth entrance.
 11553 | Lair:3   | XOM: 3-stop teleportation journey
 11569 | Lair:3   | XOM: 4-stop teleportation journey
 11579 | Lair:3   | Noticed a five-headed hydra
 11580 | Lab      | Entered a labyrinth
 11976 | Lab      | Noticed a minotaur
 11987 | Lab      | Killed a minotaur
 11987 | Lab      | Reached skill level 2 in Evocations
 11992 | Lab      | XOM: divination: detect items
 12008 | Lab      | Lost mutation: You are weak. (Str -2) [potion of beneficial mutation]
 12030 | Lab      | XOM: summons 8 friendly demons
 12032 | Lab      | Reached skill level 6 in Throwing
 12043 | Lab      | Reached XP level 12. HP: 109/118 MP: 12/12
 12046 | Lab      | Got a fine pewter ring
 12048 | Lab      | Identified the cursed ring "Sisam" {-Tele rElec rF++ Dex+4 Slay-2} (You found it in a labyrinth)
 12056 | Lab      | Identified a +9 rod of shadows (10/10) {!a} (You found it in a labyrinth)
 12057 | Lab      | Identified a +4 rod of the swarm (10/10) {!a} (You found it in a labyrinth)
 12060 | Lab      | XOM: polymorph ice devil -> soul eater
 12064 | Lab      | Learned a level 2 spell: Repel Missiles
 12144 | Lab      | Identified a scroll of acquirement
 12179 | Lair:3   | XOM: confuse monster(s)
 12180 | Lair:3   | XOM: fog
 12310 | Lair:3   | Reached skill level 13 in Unarmed Combat
 12610 | Lair:3   | XOM: swap monsters
 12629 | Lair:3   | Killed a five-headed hydra
 12629 | Lair:3   | Reached skill level 3 in Evocations
 12749 | Lair:3   | XOM: give mutations
 12749 | Lair:3   | Gained mutation: You are robust (+10% HP). [Xom's grace]
 12749 | Lair:3   | Gained mutation: You are partially covered in rugged brown scales (AC +1, +3% HP). [Xom's grace]
 12749 | Lair:3   | Gained mutation: You are partially covered in yellow scales (AC +2). [Xom's grace]
 12749 | Lair:3   | Gained mutation: You passively map a small area around you. [Xom's grace]
 12965 | Lair:3   | XOM: mild Tloc miscast
 13040 | Lair:3   | XOM: harmless Erth miscast
 13081 | Lair:3   | XOM: give mutations
 13081 | Lair:3   | Lost mutation: You are partially covered in rugged brown scales (AC +1, +3% HP). [Xom's mischief]
 13081 | Lair:3   | Lost mutation: Your body sometimes deteriorates upon taking damage. [Xom's mischief]
 13244 | Lair:3   | XOM: torment (72/129 hp)
 13525 | Lair:4   | XOM: mild Air miscast
 13537 | Lair:4   | Lost mutation: You are robust (+10% HP). [potion of mutation]
 13946 | Lair:4   | XOM: colour smoke trail
 13982 | Lair:4   | XOM: medium Conj miscast
 14128 | Lair:4   | XOM: enchant monster (good)
 14149 | Lair:4   | XOM: mild Ice miscast
 14163 | Lair:4   | Reached skill level 7 in Throwing
 14200 | Lair:4   | Found a hole to the Spider Nest.
 14216 | Lair:4   | XOM: noise
 14454 | Lair:4   | Reached skill level 4 in Evocations
 14720 | Lair:5   | XOM: divination: detect creatures
 14871 | Lair:5   | XOM: confusion
 14872 | Lair:5   | XOM: cast spell 'Ring of Flames'
 14888 | Lair:5   | Reached skill level 5 in Evocations
 14938 | Lair:5   | XOM: mild Tloc miscast
 15141 | Lair:5   | XOM: harmless Fire miscast
 15148 | Lair:5   | XOM: smoke on damage
 15211 | Lair:5   | XOM: divination: detect creatures
 15366 | Lair:6   | Reached skill level 14 in Unarmed Combat
 15471 | Lair:6   | XOM: divination: magic mapping
 15536 | Lair:6   | Noticed a four-headed hydra
 15539 | Lair:6   | XOM: potion effect (berserk rage)
 15696 | Lair:6   | Killed a four-headed hydra
 15758 | Lair:6   | Found a staircase to the Swamp.
 15795 | Lair:6   | Reached XP level 13. HP: 107/124 MP: 16/16
 15890 | Lair:6   | Reached skill level 6 in Evocations
 15968 | Lair:6   | XOM: mild Erth miscast
 16411 | Lair:6   | XOM: summons 6 hostile demons
 16621 | Lair:6   | XOM: mild Tloc miscast
 17147 | Lair:7   | XOM: god gift: 5 meat rations
 17151 | Lair:7   | XOM: 3-stop teleportation journey
 17212 | Lair:7   | XOM: divination: detect creatures
 17255 | Lair:7   | Noticed Kirke
 17268 | Lair:7   | XOM: summons friendly ufetubus
 17282 | Lair:7   | XOM: enchant monster (good)
 17334 | Lair:6   | XOM: harmless Conj miscast
 17381 | Lair:6   | XOM is BORED!
 17381 | Lair:6   | XOM: mild Trmt miscast
 17589 | Lair:7   | XOM: colour smoke trail
 17632 | Lair:7   | Reached skill level 7 in Evocations
 17749 | Lair:7   | Noticed Josephine
 17774 | Lair:7   | XOM: silly message
 17777 | Lair:7   | XOM: enchant monster (bad)
 17784 | Lair:7   | Killed Josephine
 18012 | Lair:7   | Reached skill level 15 in Unarmed Combat
 18070 | Lair:7   | XOM: confusion (+ monsters)
 18078 | Lair:7   | XOM: enchant monster (good)
 18081 | Lair:7   | XOM: noise
 18084 | Lair:7   | XOM: summons friendly shadow imp
 18410 | Lair:7   | XOM: blink monster(s)
 18419 | Lair:7   | Killed Kirke
 18450 | Lair:7   | XOM: silly message
 18460 | Lair:7   | Gained mutation: Potions and wands are less effective at restoring your health. [potion of mutation]
 18460 | Lair:7   | Gained mutation: You are dopey. (Int -2) [potion of mutation]
 18470 | Lair:8   | Entered Level 8 of the Lair of Beasts
 18579 | Lair:8   | Found a runed door.
 18734 | Lair:8   | XOM: torment (70/124 hp)
 18817 | Lair:8   | XOM: medium Fire miscast
 18875 | Lair:8   | XOM: confusion
 18913 | Lair:8   | Reached skill level 8 in Evocations
 18980 | Lair:8   | XOM: cast spell 'Ice Form'
 19278 | Lair:8   | XOM: divination: magic mapping
 19334 | Lair:8   | XOM: cast spell 'Dispersal'
 19460 | Lair:8   | XOM: divination: detect creatures
 19473 | Lair:8   | XOM: confuse monster(s)
 19489 | Lair:8   | XOM: summons 2 friendly demons
 19561 | Lair:8   | XOM: god gift: 23 gold pieces
 19623 | Lair:8   | Reached XP level 14. HP: 82/133 MP: 19/19
 19802 | Lair:8   | XOM: harmless Fire miscast
 19907 | Lair:8   | XOM is BORED!
 19907 | Lair:8   | XOM: mild Erth miscast
 20014 | Lair:8   | XOM: silly message
 20034 | Lair:8   | XOM: enchant monster (bad)
 20141 | Lair:8   | XOM: enchant monster (good)
 20270 | Lair:8   | XOM: smoke on damage
 20297 | Lair:8   | XOM: god gift: potion of curing
 20316 | Lair:8   | XOM: summons 3 hostile demons
 20510 | Lair:8   | Found a staircase to the Slime Pits.
 21363 | D:11     | XOM: polymorph yak -> harpy
 21414 | D:11     | XOM: colour smoke trail
 21436 | D:11     | XOM: summons friendly crimson imp
 21444 | D:11     | Reached skill level 16 in Unarmed Combat
 21590 | D:11     | XOM: scenery: 3 doors open, 1 doors close
 21886 | D:11     | Found a staircase to the Orcish Mines.
 21997 | D:11     | XOM: summons friendly quasit
 22185 | D:11     | XOM: cast spell 'Call Canine Familiar'
 22198 | D:11     | XOM: give mutations
 22198 | D:11     | Gained mutation: Armour fits poorly on your strangely shaped body. [Xom's mischief]
 22198 | D:11     | Gained mutation: You are clumsy. (Dex -2) [Xom's mischief]
 22198 | D:11     | Gained mutation: Your muscles are strong. (Str +2) [Xom's mischief]
 22576 | D:11     | Killed kguciosek's ghost
 22742 | D:12     | XOM: silly message
 22907 | D:12     | XOM: confusion (+ monsters)
 22908 | D:12     | Noticed Nergalle
 22911 | D:12     | XOM: enchant monster (bad)
 22913 | D:12     | XOM: silly message
 22923 | D:12     | Killed Nergalle
 22953 | D:12     | Reached skill level 9 in Evocations
 23001 | D:12     | XOM: 1-stop teleportation journey
 23105 | D:12     | Reached skill level 8 in Fighting
 23304 | D:12     | XOM: mild Conj miscast
 23377 | D:12     | XOM: harmless Pois miscast
 23383 | D:12     | XOM: blink monster(s)
 23393 | D:12     | XOM: confusion (+ monsters)
 23413 | D:12     | XOM: confuse monster(s)
 23415 | D:12     | XOM: cast spell 'Olgreb's Toxic Radiance'
 23419 | D:12     | XOM: enchant monster (good)
 23839 | D:12     | XOM: divination: detect creatures
 23960 | D:12     | XOM: enchant monster (good)
 24163 | D:12     | XOM: god gift: 22 gold pieces
 24206 | D:12     | XOM: enchant monster (good)
 24379 | D:12     | Reached skill level 9 in Dodging
 24380 | D:12     | XOM: destruction
 24404 | D:12     | XOM: give mutations
 24404 | D:12     | Lost mutation: You can spit weak poison. [Xom's mischief]
 24404 | D:12     | Gained mutation: You have a pair of small antennae on your head. [Xom's mischief]
 24404 | D:12     | Lost mutation: Your muscles are strong. (Str +2) [Xom's mischief]
 24524 | D:12     | XOM: god gift: scroll of enchant armour
 24579 | D:12     | XOM: divination: detect creatures
 24670 | D:13     | XOM: god gift: curved runed rod {god gift}
 24686 | D:13     | Identified a +4 rod of ignition (10/10) {!a} (Xom gifted it to you on level 13 of the Dungeon)
 24713 | D:13     | XOM: swap monsters
 24806 | D:13     | XOM: 2-stop teleportation journey
 24886 | D:13     | Noticed Erolcha
 24903 | D:13     | Killed Erolcha
 24958 | D:13     | XOM: vitrification
 25246 | D:13     | XOM: enchant monster (good)
 25396 | D:13     | XOM: harmless Chrm miscast
 25497 | D:13     | XOM: god gift: glowing shortbow {god gift}
 25604 | D:13     | XOM: 1-stop teleportation journey
 25667 | D:13     | XOM: 2-stop teleportation journey
 25764 | D:13     | XOM: confuse monster(s)
 25864 | D:13     | XOM: give mutations
 25864 | D:13     | Gained mutation: You are robust (+10% HP). [Xom's grace]
 25864 | D:13     | Gained mutation: You are partially covered in thin metallic scales (AC +2). [Xom's grace]
 25876 | D:13     | XOM: mild Necr miscast
 25896 | D:13     | XOM: confuse monster(s)
 26045 | D:13     | Found a gate to the Vaults.
 26055 | D:13     | XOM: blink monster(s)
 26158 | D:14     | Found Gajaolom's Food Shop.
 26177 | D:14     | XOM: summons 4 friendly demons
 26230 | D:14     | Noticed Maud
 26251 | D:14     | Killed Maud
 26251 | D:14     | Reached XP level 15. HP: 118/159 MP: 21/21
 26398 | D:14     | XOM: blink monster(s)
 26408 | D:14     | XOM: destruction
 26539 | D:14     | XOM: divination: magic mapping
 26657 | D:14     | Noticed Snorg
 26677 | D:14     | XOM: summons 4 friendly demons
 26697 | D:14     | Killed Snorg
 26811 | D:14     | XOM: colour smoke trail
 26977 | D:14     | XOM: god gift: 12 poisoned bolts
 27199 | D:15     | Entered Level 15 of the Dungeon
 27218 | D:15     | Noticed Rupert
 27235 | D:15     | Killed Rupert
 27264 | D:15     | Reached skill level 9 in Fighting
 27268 | D:15     | XOM: colour smoke trail
 27270 | D:15     | XOM: medium Hex miscast
 27432 | D:15     | XOM: scenery: 1 doors close
 27561 | D:15     | XOM: cast spell 'Conjure Ball Lightning'
 27571 | D:15     | XOM: summons friendly shadow imp
 27651 | D:15     | XOM: noise
 27699 | D:15     | XOM: polymorph necromancer -> deep troll
 27741 | D:15     | Noticed Louise
 27750 | D:15     | Cast into the Abyss (Louise)
 27958 | Abyss:1  | Found an ancient bone altar of Kikubaaqudgha.
 28018 | Abyss:1  | Noticed a lich
 28029 | Abyss:1  | XOM: cast spell 'Ring of Flames'
 28042 | Abyss:1  | XOM: harmless Hex miscast
 28161 | Abyss:1  | XOM: confuse monster(s)
 28304 | Abyss:1  | Noticed a hellephant
 28305 | Abyss:1  | XOM: give mutations
 28305 | Abyss:1  | Gained mutation: You can breathe flames. [Xom's mischief]
 28305 | Abyss:1  | Lost mutation: Armour fits poorly on your strangely shaped body. [Xom's mischief]
 28305 | Abyss:1  | Lost mutation: You are partially covered in rough black scales (AC +4, Dex -1). [Xom's mischief]
 28315 | Abyss:1  | XOM: cast spell 'Dragon Form'
 28470 | Abyss:1  | XOM: medium Chrm miscast
 28477 | Abyss:1  | Noticed a hellephant
 28484 | Abyss:1  | Found a corrupted altar of Lugonu.
 28486 | Abyss:1  | XOM: noise
 28491 | Abyss:1  | Noticed a Hell Sentinel
 28571 | Abyss:1  | XOM: mild Erth miscast
 28586 | Abyss:1  | XOM: summons 8 friendly demons
 28734 | Abyss:1  | Noticed a tentacled starspawn
 28734 | Abyss:1  | XOM: harmless Trmt miscast
 28873 | D:15     | Escaped the Abyss
 28905 | D:15     | Killed Louise
 28905 | D:15     | Reached skill level 10 in Evocations
 28992 | D:15     | Found a staircase to the Depths.
 29059 | D:15     | XOM: potion effect (berserk rage)
 29127 | D:15     | XOM: 2-stop teleportation journey
 29298 | D:15     | Reached skill level 17 in Unarmed Combat
 29351 | D:15     | Reached skill level 8 in Throwing
 29854 | D:13     | XOM: cast spell 'Confusing Touch'
 30061 | Orc:1    | Entered Level 1 of the Orcish Mines
 30092 | Orc:2    | Noticed Fannar
 30103 | Orc:2    | XOM: medium Divn miscast
 30118 | Orc:2    | Killed Fannar
 30328 | Orc:2    | Found Peudghoe's Quality Used Wands.
 30602 | Orc:3    | XOM: chaos upgrade
 30818 | Orc:3    | XOM: summons 7 hostile demons
 30906 | Orc:3    | XOM: blink monster(s)
 31087 | Orc:3    | XOM: give mutations
 31087 | Orc:3    | Lost mutation: You have large cloven feet. [Xom's mischief]
 31087 | Orc:3    | Gained mutation: You occasionally shout uncontrollably at your foes. [Xom's mischief]
 31087 | Orc:3    | Lost mutation: You are dopey. (Int -2) [Xom's mischief]
 31087 | Orc:3    | Lost mutation: You are robust (+10% HP). [Xom's mischief]
 31304 | Orc:2    | XOM: torment (82/146 hp)
 31547 | Orc:1    | Noticed Erica
 31578 | Orc:1    | Killed Erica
 31699 | Orc:1    | XOM: noise
 31704 | Orc:1    | Noticed Maurice
 31719 | Orc:1    | Killed Maurice
 31728 | Orc:1    | Found a roughly hewn altar of Beogh.
 31890 | Orc:1    | XOM: chaos upgrade
 31891 | Orc:1    | XOM: harmless Conj miscast
 32000 | Orc:1    | XOM: mild Necr miscast
 32008 | Orc:1    | XOM: give mutations
 32008 | Orc:1    | Gained mutation: Your muscles are strong. (Str +2) [Xom's grace]
 32008 | Orc:1    | Gained mutation: Your mind is acute. (Int +2) [Xom's grace]
 32008 | Orc:1    | Gained mutation: You have an increased reservoir of magic (+10% MP). [Xom's grace]
 32008 | Orc:1    | Gained mutation: You are resistant to hostile enchantments. [Xom's grace]
 32174 | Orc:1    | XOM: divination: magic mapping
 32565 | Orc:4    | Entered Level 4 of the Orcish Mines
 32653 | Orc:4    | Found a staircase to the Elven Halls.
 33115 | Orc:4    | XOM: divination: detect items
 33235 | Orc:4    | XOM: harmless Divn miscast
 33239 | Orc:4    | XOM: enchant monster (good)
 33762 | Orc:4    | Found Emeaziq's Book Shoppe.
 33762 | Orc:4    | Found Ehih Soytz's Distillery.
 33764 | Orc:4    | Found Ituib's Jewellery Shop.
 33766 | Orc:4    | Found Rolunaj's Magic Scroll Emporium.
 33771 | Orc:4    | Bought a potion of resistance for 120 gold pieces
 33778 | Orc:4    | Bought a scroll of identify for 30 gold pieces
 33778 | Orc:4    | Bought a scroll of identify for 30 gold pieces
 33784 | Orc:4    | Bought a potion of curing for 36 gold pieces
 33784 | Orc:4    | Bought a potion of haste for 120 gold pieces
 33784 | Orc:4    | Bought a potion of brilliance for 48 gold pieces
 33784 | Orc:4    | Bought a potion of might for 48 gold pieces
 33786 | Orc:4    | Bought an amulet of guardian spirit for 420 gold pieces
 33786 | Orc:4    | Bought a ring of positive energy for 280 gold pieces
 33922 | Orc:4    | Bought a scroll of fear for 52 gold pieces
 33922 | Orc:4    | Bought a scroll of fear for 52 gold pieces
 33922 | Orc:4    | Bought a scroll of teleportation for 45 gold pieces
 33922 | Orc:4    | Bought 3 scrolls of remove curse for 135 gold pieces
 33922 | Orc:4    | Bought a scroll of recharging for 142 gold pieces
 33922 | Orc:4    | Bought a scroll of remove curse for 45 gold pieces
 33922 | Orc:4    | Bought a scroll of enchant armour for 112 gold pieces
 33922 | Orc:4    | Bought a scroll of remove curse for 45 gold pieces
 33922 | Orc:4    | Bought a scroll of fog for 30 gold pieces
 33939 | Orc:4    | XOM: enchant monster (good)
 34016 | Orc:4    | XOM: give mutations
 34016 | Orc:4    | Lost mutation: You occasionally shout uncontrollably at your foes. [Xom's mischief]
 34016 | Orc:4    | Lost mutation: You are clumsy. (Dex -2) [Xom's mischief]
 34016 | Orc:4    | Lost mutation: Your mind is acute. (Int +2) [Xom's mischief]
 34016 | Orc:4    | Lost mutation: You passively map a small area around you. [Xom's mischief]
 34255 | Orc:4    | XOM: mild Fire miscast
 34300 | Elf:1    | Entered Level 1 of the Elven Halls
 34433 | Elf:1    | XOM: summons friendly white imp
 34541 | Elf:1    | XOM: give mutations
 34541 | Elf:1    | Gained mutation: You are partially covered in rough black scales (AC +4, Dex -1). [Xom's grace]
 34541 | Elf:1    | Gained mutation: You have a pair of antennae on your head. [Xom's grace]
 34600 | Elf:1    | XOM: fog
 34784 | Elf:1    | XOM: vitrification
 34828 | Elf:1    | XOM: cast spell 'Call Canine Familiar'
 34831 | Elf:1    | XOM: enchant monster (bad)
 34840 | Elf:1    | XOM: cast spell 'Metabolic Englaciation'
 34847 | Elf:1    | Reached skill level 9 in Throwing
 34867 | Elf:1    | XOM: mild Chrm miscast
 35089 | Elf:1    | Found Baefyb Yluurr's Distillery.
 35097 | Elf:1    | Bought a potion of heal wounds for 75 gold pieces
 35121 | Elf:1    | XOM: scenery: 2 doors open, 1 doors close
 35123 | Elf:1    | XOM: 3-stop teleportation journey
 35133 | Elf:1    | Bought 3 potions of mutation for 112 gold pieces
 35133 | Elf:1    | Lost mutation: You can breathe flames. [potion of mutation]
 35134 | Elf:1    | Lost mutation: You are resistant to hostile enchantments. [potion of mutation]
 35135 | Elf:1    | Gained mutation: Your flesh is heat resistant. [potion of mutation]
 35135 | Elf:1    | Lost mutation: Potions and wands are less effective at restoring your health. [potion of mutation]
 35177 | Elf:1    | Reached XP level 16. HP: 133/155 MP: 21/25
 35490 | Elf:2    | XOM: mild Summ miscast
 35549 | Elf:2    | XOM: medium Ice miscast
 35714 | Elf:2    | Noticed a deep elf blademaster
 35714 | Elf:2    | XOM: swap monsters
 35720 | Elf:2    | XOM: summons friendly white imp
 35744 | Elf:2    | XOM: chaos upgrade
 35748 | Elf:2    | XOM: smoke on damage
 35757 | Elf:2    | XOM: medium Air miscast
 35757 | Elf:2    | HP: 15/156 [the capriciousness of Xom (15)]
 35757 | Elf:2    | Slain by a dire flail of holy wrath

Vanquished Creatures
  Kirke (Lair:7)
  Maud (D:14)
  A salamander stormcaller (D:15)
  3 vault guards (D:13)
  Snorg (D:14)
  A minotaur (Lab)
  Josephine (Lair:7)
  Fannar (Orc:2)
  A catoblepas (Lair:7)
  Erica (Orc:1)
  A rakshasa (D:15)
  4 centaur warriors
  The ghost of kguciosek the Blocker, a novice MiFi of Okawaru (D:11)
  A dancing weapon (Elf:2)
  2 ogre magi
  5 death yaks
  A hell hog (Abyss:1)
  A queen ant (Lair:8)
  Nergalle (D:12)
  7 deep elf knights
  3 unseen horrors
  3 skeletal warriors (D:12)
  A deep troll (D:15)
  The ghost of Gruud the Insei, a novice DsTm of Makhleb (D:6)
  3 deep elf summoners (Elf:1)
  7 orc knights
  2 wizards (D:15)
  5 hill giants
  2 griffons
  3 manticores
  3 deep elf conjurers
  2 lindwurms (Lair:8)
  A harpy (D:11)
  2 ugly things (D:11)
  2 cyclopes (D:15)
  A naga mage (D:15)
  The ghost of kosy22 the Ducker, a novice TrFi (D:4)
  Maurice (Orc:1)
  3 centaur zombies (D:15)
  4 torpor snails (Lair:8)
  4 gargoyles
  A guardian serpent (Abyss:1)
  10 black mambas
  9 komodo dragons
  4 trolls
  10 spiny frogs
  A redback zombie (D:15)
  3 tengu conjurers
  4 deep elf priests (Elf:1)
  A queen bee (D:13)
  2 minotaur zombies (Lab)
  A polar bear (Lair:8)
  2 jumping spiders (Lair:4)
  5 two-headed ogres (D:12)
  Grinder (D:5)
  A hornet zombie (D:14)
  A raiju (Abyss:1)
  30 blink frogs
  Prince Ribbit (D:5)
  2 giant leeches (Lair:8)
  The ghost of teron the Changer, an amateur MfTm (D:3)
  A harpy skeleton (D:15)
  A trapdoor spider (Lab)
  A redback (Lair:4)
  A shadow (D:14)
  5 water elementals (D:15)
  6 wraiths
  A vampire (Abyss:1)
  3 basilisks
  14 deep elf magi
  A human (D:10)
  Eustachio (D:5)
  6 vampire mosquitoes
  A wyvern (D:12)
  2 hungry ghosts (D:14)
  5 hippogriffs
  15 deep elf fighters
  4 hogs
  34 yaks
  A naga (Lair:1)
  A mottled dragon (D:15)
  2 wargs
  19 wolves
  8 soldier ants (Lair:8)
  10 swamp worms
  17 water moccasins
  2 spiders
  5 phantoms
  33 orc warriors
  4 ice beasts
  10 porcupines
  A black bear (Lair:3)
  19 ogres
  6 sky beasts
  A necrophage (D:12)
  16 centaurs
  4 wasps
  20 giant frogs
  12 crocodiles
  2 big kobolds
  3 brain worms (Lair:8)
  5 scorpions
  40 killer bees
  4 wights (D:6)
  4 electric eels
  4 crimson imps
  A quasit (D:6)
  8 jellies
  A giant frog zombie (D:11)
  19 orc priests
  3 centaur skeletons
  4 hounds
  11 iguanas
  19 orc wizards
  19 worker ants
  4 giant frog skeletons
  16 sheep
  A hound skeleton (D:7)
  9 gnolls
  A worker ant zombie (D:5)
  13 adders
  2 shadow imps
  42 river rats
  30 worms
  An adder skeleton (D:10)
  5 giant geckos
  148 orcs
  9 bats
  4 goblins
  13 hobgoblins
  7 jackals
  19 kobolds
  5 quokkas
  3 ball pythons
  9 giant cockroaches
  A giant gecko skeleton (D:4)
  A giant gecko zombie (D:8)
  8 giant newts
  2 rats
  A bush (D:11)
  2 fungi (Lair:8)
  4 plants
980 creatures vanquished.

Vanquished Creatures (collateral kills)
  Rupert (D:15)
  Louise (D:15)
  Erolcha (D:13)
  3 hydras
  An ice dragon (Lair:8)
  A death yak (Lair:8)
  A hill giant (D:12)
  2 orc knights
  A cyclops (D:14)
  3 elephants (Lair:7)
  A torpor snail (Lair:8)
  A jumping spider (Lair:4)
  3 yaks (Lair:8)
  A basilisk (Lair:2)
  A deep elf fighter (D:13)
  A hippogriff (Lair:8)
  2 wolves (Lair:3)
  A soldier ant (Lair:8)
  3 swamp worms (Lair:6)
  A water moccasin (Lair:2)
  4 orc warriors
  9 centaurs
  A crocodile (Lair:3)
  A brain worm (Lair:8)
  2 killer bees (D:10)
  A jelly (Lair:8)
  An iguana (D:10)
  8 worker ants (Lair:8)
  A river rat (Lair:3)
  A worm (Lair:3)
  7 orcs
66 creatures vanquished.

Vanquished Creatures (others)
  A deep elf knight (Elf:1)
  A skeletal warrior (D:12)
  2 ball lightnings (D:15)
  2 blink frogs (Lair:8)
  A two-headed ogre (D:12)
  A deep elf mage (Elf:1)
  A deep elf fighter (Elf:1)
  An orc warrior (Orc:4)
  2 ogres (D:12)
  A centaur (D:7)
  An orc wizard (D:7)
  5 sheep
  2 river rats (Lair:3)
  5 orcs
  17 fungi
  26 plants
  2 starspawn tentacles (Abyss:1)
  50 starspawn tentacle segments (Abyss:1)
121 creatures vanquished.

Grand Total: 1167 creatures vanquished
